 Dungeon Crawl Stone Soup version 0.29.0-4-gdea44cf6ec (webtiles) character file.

Game seed: 17069439602345111962

151 qw the Chopper (level 5, -1/30 HPs)
             Began as a Tengu Warper on Aug 28, 2022.
             Slain by Pargi (3 damage)
             ... on level 3 of the Dungeon.
             The game lasted 00:00:14 (3268 turns).

qw the Chopper (Tengu Warper)                       Turns: 3268, Time: 00:00:15

Health: -1/30      AC:  3    Str: 13    XL:     5   Next: 33%
Magic:  9/9        EV: 14    Int: 13    God:
Gold:   39         SH:  0    Dex: 14    Spells: 8/8 levels left

rFire   . . .      SeeInvis .   Y - +0 hand axe
rCold   . . .      Faith    .   (no shield)
rNeg    . . .      Spirit   .   b - +0 leather armour
rPois   .          Reflect  .   (helmet restricted)
rElec   .          Harm     .   (no cloak)
rCorr   .          Rampage  .   (no gloves)
Will    .....                   (boots unavailable)
Stlth   +.........              (no amulet)
HPRegen 0.10/turn               (no ring)
MPRegen 0.11/turn               (no ring)

@: about to teleport, flying quickly and evasively, quick
A: beak, talons 3, nimble flight
a: no special abilities


You were on level 3 of the Dungeon.
You visited 1 branch of the dungeon, and saw 3 of its levels.

You collected 147 gold pieces.
You spent 108 gold pieces at shops.


Innate Abilities, Weirdness & Mutations

You have a beak for a mouth.
You have claws for feet.
Your magical nature lets you fly swiftly and evasively.


   Skills:
 - Level 2.0 Fighting
 + Level 5.9 Axes
 - Level 1.0 Throwing
 - Level 1.1 Armour
 - Level 2.1 Dodging
 - Level 2.0 Spellcasting
 - Level 2.4 Translocations


You had 8 spell levels left.
You didn't know any spells.
Your spell library contained the following spells:

 Spells                   Type           Power      Damage    Failure   Level
 Blink                    Tloc           14%        N/A       19%         2
 Gell's Gravitas          Tloc           7%         N/A       36%         3
 Lesser Beckoning         Tloc           7%         N/A       36%         3
 Teleport Other           Tloc           7%         N/A       36%         3
 Manifold Assault         Tloc           7%         N/A       98%         5

Inventory:

Hand Weapons
 a - a +0 whip
 Y - a +0 hand axe (weapon)
Missiles
 d - 4 javelins (quivered)
Armour
 b - a +0 leather armour (worn)
Jewellery
 e - a ring of resist corrosion
Scrolls
 k - 2 scrolls of identify
Potions
 f - a potion of mutation {unknown}
 g - a potion of flight {unknown}
 h - 2 potions of brilliance {unknown}
 i - a potion of resistance {unknown}

Dungeon Overview and Level Annotations

Branches:
Dungeon (3/15)

Altars:
Xom

Shops:
D:3 ?

Annotations:
D:3 Pargi


Message History

You kill the adder!
You feel sick.
You start resting.
You feel sick. x2
You are no longer poisoned.
An endoplasm comes into view.
You catch the helpless endoplasm completely off-guard!
You hit the endoplasm.
The endoplasm is lightly wounded.
The endoplasm freezes you.
You are frozen.
3247 ||| READING 2 scrolls of teleportation.
As you read the scroll of teleportation, it crumbles to dust.
You feel strangely unstable. The endoplasm closely misses you.
You hit the endoplasm.
The endoplasm is severely wounded.
The endoplasm freezes you.
You are frozen.
You hit the endoplasm.
You kill the endoplasm!
You start resting.
Your surroundings suddenly seem different.
You start resting.
Pargi is nearby!
Throw: 5 javelins
Press: ? - help, Q - select action Shift-Dir - straight line, f - Pargi You throw a javelin.
The javelin pierces through Pargi.
Pargi is lightly wounded.
Pargi hisses menacingly.
3266 ||| READING scroll of teleportation.
As you read the scroll of teleportation, it crumbles to dust.
You feel strangely unstable.
You hit Pargi.
Pargi is lightly wounded.
Pargi bites you. Pargi claws you. Pargi barely misses you.
You hit Pargi but do no damage. Your peck misses Pargi.
Pargi is lightly wounded.
Pargi closely misses you. x2; Pargi claws you.
You die...

#..........#.#. ..
#.........##.## ..
#.#..........( #
.#####.#....#.##.## #.
...........###.#.#.
#..# #.####.#.###
##..)# .....#. #.#..7##
##.##
..~~...####.#7.\[7###.#
..}~...@T.<....7......#
.~~..######(###########
... #.# # #.# #.# ..#
###


You could see Pargi.

Vanquished Creatures
  An orc priest (D:3)
  Jessica (D:3)
  4 adders
  A worm (D:2)
  2 dart slugs
  3 orcs (D:3)
  8 endoplasms
  A giant cockroach (D:2)
  5 goblins
  A hobgoblin (D:2)
  3 jackals (D:3)
  6 kobolds
  A quokka (D:3)
  5 ball pythons
  5 bats
  7 rats
54 creatures vanquished.

Notes
Turn   | Place    | Note
-------+----------+-------------------------------------------
     0 | D:1      | qw the Tengu Warper began the quest for the Orb.
     0 | D:1      | Reached XP level 1. HP: 12/12 MP: 4/4
     0 | D:1      | 0 ||| qw: Version: 0.1-a-89-g26bdef1
     0 | D:1      | 0 ||| qw: Game counter: 1144
     0 | D:1      | 0 ||| qw: Always use a shield: true
     0 | D:1      | 0 ||| qw: God list: Okawaru
     0 | D:1      | 0 ||| qw: Allow faded altars: false
     0 | D:1      | 0 ||| qw: Do Orc after D:15 true
     0 | D:1      | 0 ||| qw: Do second Lair branch before Depths: true
     0 | D:1      | 0 ||| qw: Lair rune preference: random
     0 | D:1      | 0 ||| qw: Plans: Normal
     0 | D:1      | 0 ||| PLANNING D:1-11
   445 | D:1      | Reached XP level 2. HP: 17/17 MP: 6/6
   480 | D:1      | Reached skill level 3 in Axes
  1061 | D:1      | 1061 ||| READING scroll labelled LIAHIE WECS.
  1196 | D:1      | 1196 ||| READING scroll labelled GEKHLI ENODE.
  1197 | D:1      | 1197 ||| DRINKING 2 lumpy amethyst potions.
  1198 | D:1      | 1198 ||| DROPPING scroll of blinking.
  1400 | D:2      | Found a faded altar of an unknown god.
  1421 | D:2      | 1421 ||| Stepping ~*~*~tactically~*~*~ (stealth).
  1428 | D:2      | 1428 ||| Stepping ~*~*~tactically~*~*~ (stealth).
  1430 | D:2      | Reached XP level 3. HP: 19/21 MP: 7/7
  1519 | D:2      | 1519 ||| FLEEEEING.
  1528 | D:2      | 1528 ||| STAIRDANCE
  1605 | D:1      | 1605 ||| READING scroll labelled IRAHYE HIHUY.
  1653 | D:2      | 1653 ||| Stepping ~*~*~tactically~*~*~ (stealth).
  1654 | D:2      | 1654 ||| Stepping ~*~*~tactically~*~*~ (stealth).
  1716 | D:2      | Reached skill level 4 in Axes
  1873 | D:2      | Found a shimmering altar of Xom.
  1880 | D:2      | 1880 ||| Stepping ~*~*~tactically~*~*~ (stealth).
  2197 | D:2      | 2197 ||| DROPPING ring of flight.
  2198 | D:2      | 2198 ||| READING scroll labelled QOYBRUCZESKO.
  2199 | D:2      | 2199 ||| READING 2 scrolls labelled PIRU PIRYORIU.
  2200 | D:2      | 2200 ||| Stepping randomly (stuck).
  2201 | D:2      | 2201 ||| Stepping ~*~*~tactically~*~*~ (cloud).
  2207 | D:2      | HP: 5/21 [poisoned by you (poison gas)]
  2271 | D:2      | 2271 ||| FLEEEEING.
  2272 | D:2      | 2272 ||| FLEEEEING.
  2282 | D:2      | 2282 ||| STAIRDANCE
  2452 | D:2      | Reached XP level 4. HP: 26/26 MP: 8/8
  2465 | D:3      | Found Menwoxal's Magic Scroll Emporium.
  2472 | D:3      | 2472 ||| SHOPLISTING 2 scrolls of enchant weapon (180 gold,
                  | have 126).
  2472 | D:3      | 2472 ||| BUYING 3 scrolls of teleportation (108 gold).
  2472 | D:3      | Bought 3 scrolls of teleportation for 108 gold pieces
  2472 | D:3      | 2472 ||| SHOPLISTING scroll of identify (24 gold, have 18).
  2483 | D:3      | Noticed Jessica
  2490 | D:3      | Killed Jessica
  2491 | D:3      | Reached skill level 5 in Axes
  2585 | D:3      | 2585 ||| Stepping ~*~*~tactically~*~*~ (stealth).
  3080 | D:3      | 3080 ||| Stepping ~*~*~tactically~*~*~ (hiding).
  3081 | D:3      | 3081 ||| Stepping ~*~*~tactically~*~*~ (hiding).
  3082 | D:3      | Noticed Pargi
  3084 | D:3      | HP: 6/26 [orc priest/+0 vorpal hand axe (3)]
  3085 | D:3      | 3085 ||| READING 3 scrolls of teleportation.
  3086 | D:3      | 3086 ||| DRINKING potion of heal wounds.
  3212 | D:3      | 3212 ||| Stepping ~*~*~tactically~*~*~ (hiding).
  3213 | D:3      | 3213 ||| Stepping ~*~*~tactically~*~*~ (hiding).
  3223 | D:3      | Gained mutation: Your magical nature lets you fly swiftly
                  | and evasively. [Tengu growth]
  3223 | D:3      | Reached XP level 5. HP: 25/30 MP: 9/9
  3228 | D:3      | 3228 ||| Stepping ~*~*~tactically~*~*~ (stealth).
  3246 | D:3      | HP: 6/30 [frozen (3)]
  3247 | D:3      | 3247 ||| READING 2 scrolls of teleportation.
  3266 | D:3      | 3266 ||| READING scroll of teleportation.
  3267 | D:3      | HP: 3/30 [Pargi (2)]
  3268 | D:3      | Slain by Pargi

Levels and vault maps discovered:
D:1:      mushboom_english_gardens, layout_basic
D:2:      layout_basic, chequers_ecumenical_altar_simple_redux, basic_altar,
          bh_walls_and_bars
D:3:      layout_loops_ring, mainiacjoe_overflow_tiny_flanked, serial_shops,
          nicolae_shop_trees, fountainhead, corexii_leaking_fountain,
          uniq_jessica, uniq_pargi

Skill      XL: |  1  2  3  4 |
---------------+-------------+-----
Axes           | 3 4 5 |  5.9
Fighting       | |  2.0
Throwing       | |  1.0
Armour         | |  1.1
Dodging        | |  2.1
Spellcasting   | |  2.0
Translocations | |  2.4

Action                   |  1- 3 |  4- 6 || total
-------------------------+-------+-------++-------
Melee: Hand axe          |    47 |    61 ||   108
       Kick              |    14 |    11 ||    25
       Peck              |     8 |    11 ||    19
Throw: Boomerang         |     7 |       ||     7
       Javelin           |    34 |     8 ||    42
  Use: Scroll            |     5 |     3 ||     8
       Potion            |     1 |     1 ||     2
 Stab: Sleeping          |       |     1 ||     1
       Distracted        |       |     1 ||     1
Armor: Leather armour    |     9 |     6 ||    15
Dodge: Dodged            |    25 |    34 ||    59

Table legend:
 A = Non-vault XP
 B = Vault XP
 C = Vault XP percentage of total XP
 D = Non-vault monster count
 E = Vault monster count
 F = Vault count percentage of total count
                 A         B        C        D         E       F
            +---------+---------+-------+---------+---------+-------
      Total |     180 |      37 |  17.1 |      53 |       1 |   1.9
            +---------+---------+-------+---------+---------+-------
        D:1 |      22 |       0 |   0.0 |      15 |       0 |   0.0
        D:2 |      60 |       0 |   0.0 |      21 |       0 |   0.0
        D:3 |      98 |      37 |  27.4 |      17 |       1 |   5.6
            +---------+---------+-------+---------+---------+-------
